 Dungeon Crawl Stone Soup version 0.24.0-37-gcf1ca852f1 (webtiles) character file.

Game seed: 9882634970198949552, levelgen mode: deterministic

477 FishyPogo the Charmwright (level 7, -2/84 HPs)
             Began as a Gnoll Skald on Dec 8, 2019.
             Was a Follower of Sif Muna.
             Killed from afar by an orc wizard (6 damage)
             ... with a puff of flame
             ... on level 3 of the Dungeon.
             The game lasted 00:08:09 (2131 turns).

FishyPogo the Charmwright (Gnoll Skald)             Turns: 2131, Time: 00:08:09

Health: -2/84      AC: 23    Str: 14    XL:     7   Next: 11%
Magic:  5/15       EV:  2    Int: 21    God:    Sif Muna [*.....]
Gold:   156        SH:  0    Dex: 15    Spells: 6/17 levels left

rFire    . . .     SeeInvis .   j - +0 battleaxe
rCold    . . .     Gourm    .   (shield currently unavailable)
rNeg     + + +     Faith    .   (armour currently unavailable)
rPois    +         Spirit   .   (helmet currently unavailable)
rElec    .         Reflect  .   (cloak currently unavailable)
rCorr    .         Harm     .   (gloves currently unavailable)
MR       .....     NoTele   +   (boots currently unavailable)
Stlth    ++........             (no amulet)
HPRegen  0.24/turn              e - ring of wizardry
MPRegen  0.14/turn              (no ring)

@: brilliant, tree-form, infused (expiring), singing (expiring)
A: distributed training, strong nose
a: Channel Magic, Renounce Religion


You were on level 3 of the Dungeon.
You worshipped Sif Muna.
Sif Muna was aware of your devotion.
You were very hungry.
You were a tree.
You visited 2 branches of the dungeon, and saw 5 of its levels.

You collected 156 gold pieces.

Inventory:

Hand Weapons
 a - a +0 hand axe
 j - a +0 battleaxe (weapon)
Missiles
 k - 122 stones (quivered)
Armour
 b - a +0 leather armour (melded)
Jewellery
 e - a ring of wizardry (left branch)
 l - an uncursed ring of poison resistance {unknown}
Scrolls
 f - 2 scrolls of remove curse {unknown}
 h - 2 scrolls of noise {unknown}
 n - a scroll of magic mapping {unknown}
 o - a scroll of blinking {unknown}
 p - 2 scrolls of identify {unknown}
 s - a scroll of amnesia
Potions
 i - 2 potions of curing
 r - a potion of mutation {unknown}
Comestibles
 c - a chunk of flesh
 d - 6 rations


   Skills:
 + Level 5.1 Fighting
 + Level 2.2 Short Blades
 + Level 2.2 Long Blades
 + Level 5.1 Axes
 + Level 2.2 Maces & Flails
 + Level 2.2 Polearms
 + Level 2.2 Staves
 + Level 2.2 Slings
 + Level 2.2 Bows
 + Level 2.2 Crossbows
 + Level 2.2 Throwing
 + Level 3.4 Armour
 + Level 5.1 Dodging
 + Level 2.2 Stealth
 + Level 2.2 Shields
 + Level 2.2 Unarmed Combat
 + Level 5.5 Spellcasting
 + Level 1.8 Conjurations
 + Level 1.8 Hexes
 + Level 5.7 Charms
 + Level 1.8 Summonings
 + Level 1.8 Necromancy
 + Level 1.8 Translocations
 + Level 1.8 Transmutations
 + Level 1.8 Fire Magic
 + Level 1.8 Ice Magic
 + Level 1.8 Air Magic
 + Level 1.8 Earth Magic
 + Level 1.8 Poison Magic
 + Level 2.5 Invocations
 + Level 2.2 Evocations


You had 6 spell levels left.
You knew the following spells:

 Your Spells              Type           Power        Failure   Level  Hunger
h - Regeneration          Chrm/Necr      ####......   1%          3    ##.....
n - Spectral Weapon       Hex/Chrm       ####....     1%          3    ##.....
p - Shroud of Golubria    Chrm/Tloc      ####..       1%          2    None
u - Song of Slaying       Chrm           #####...     1%          2    None
y - Infusion              Chrm           ####         1%          1    None

Your spell library contained the following spells:

 Spells                   Type           Power        Failure   Level  Hunger


Dungeon Overview and Level Annotations

Branches:
Dungeon (4/15)             Temple (1/1) D:4

Altars:
Elyvilon
Hepliaklqana
Makhleb
Okawaru
Sif Muna
Trog
Uskayaw
Yredelemnul
Zin


Innate Abilities, Weirdness & Mutations

Your experience applies equally to all skills.
((You have very sharp teeth.))
Your uncanny sense of smell can sniff out nearby items.


Message History

You feel clever all of a sudden.
You feel less confused.
Your song is almost over.
The orc closely misses you.
It was a potion of lignification.
You turn into a tree.
Your +0 leather armour melds into your body.
Your roots penetrate the ground.
Your magical infusion is running out.
The orc hits you but does no damage.
The orc wizard mumbles some strange words.
The orc wizard flickers and vanishes!
Deactivating autopickup; reactivate with Ctrl-A.
You slash the orc!
You kill the orc!
Sif Muna accepts your kill.
You completely miss the orc. The orc hits you with a +0 flail.
* * * LOW HITPOINT WARNING * * *
You hear some strange, mumbled words.
A puff of flame appears from out of thin air!
The puff of flame hits you.
You die...

#.###$⌠o###....#
#.##.....##....#
#.#.......#....#
#.#.8oo.8.#....#
#.#.....oo#....#
#.#....r..#....#
#.# #....# #.#
#♣# #o){oo...
####....# #####
#### #.... ∆
#.... ∆ #....
#.... #....
#....


You could see an orc wizard and 2 orcs.

Vanquished Creatures
  Eustachio (D:4)
  Blork the orc (D:4)
  A hound (D:4)
  2 orc priests (D:3)
  An orc wizard (D:3)
  2 worker ants (D:4)
  Robin (D:3)
  2 adders
  An ooze (D:2)
  A worm (D:2)
  2 dart slugs
  3 leopard geckos
  9 orcs
  5 bats
  A giant cockroach (D:1)
  5 hobgoblins
  2 jackals (D:3)
  6 kobolds
  2 quokkas (D:3)
  A ball python (D:4)
  2 frilled lizards
  14 goblins
  5 rats
70 creatures vanquished.

Notes
Turn   | Place    | Note
-------+----------+-------------------------------------------
     0 | D:1      | FishyPogo the Gnoll Skald began the quest for the Orb.
     0 | D:1      | Reached XP level 1. HP: 20/20 MP: 6/6
    67 | D:1      | Reached XP level 2. HP: 26/26 MP: 3/7
   931 | D:2      | Reached XP level 3. HP: 31/31 MP: 3/9
   935 | D:2      | Learned a level 2 spell: Song of Slaying
   938 | D:2      | Learned a level 2 spell: Shroud of Golubria
   942 | D:2      | Learned a level 3 spell: Regeneration
   946 | D:2      | Learned a level 3 spell: Spectral Weapon
  1005 | D:2      | Reached skill level 5 in Spellcasting
  1063 | D:2      | Found a bloodstained altar of Trog.
  1064 | D:2      | You fall into a shaft and drop 2 floors!
  1066 | D:4      | Noticed Blork the orc
  1070 | D:4      | Noticed Eustachio
  1080 | D:4      | HP: 1/31 [Blork the orc/+0 battleaxe (11)]
  1094 | D:4      | Killed Blork the orc
  1094 | D:4      | Reached skill level 1 in Short Blades
  1094 | D:4      | Reached skill level 1 in Long Blades
  1094 | D:4      | Reached skill level 1 in Maces & Flails
  1094 | D:4      | Reached skill level 1 in Polearms
  1094 | D:4      | Reached skill level 1 in Staves
  1094 | D:4      | Reached skill level 1 in Slings
  1094 | D:4      | Reached skill level 1 in Bows
  1094 | D:4      | Reached skill level 1 in Crossbows
  1094 | D:4      | Reached skill level 1 in Throwing
  1094 | D:4      | Reached skill level 1 in Stealth
  1094 | D:4      | Reached skill level 1 in Shields
  1094 | D:4      | Reached skill level 1 in Unarmed Combat
  1094 | D:4      | Reached skill level 1 in Conjurations
  1094 | D:4      | Reached skill level 1 in Hexes
  1094 | D:4      | Reached skill level 1 in Summonings
  1094 | D:4      | Reached skill level 1 in Necromancy
  1094 | D:4      | Reached skill level 1 in Translocations
  1094 | D:4      | Reached skill level 1 in Transmutations
  1094 | D:4      | Reached skill level 1 in Fire Magic
  1094 | D:4      | Reached skill level 1 in Ice Magic
  1094 | D:4      | Reached skill level 1 in Air Magic
  1094 | D:4      | Reached skill level 1 in Earth Magic
  1094 | D:4      | Reached skill level 1 in Poison Magic
  1094 | D:4      | Reached skill level 1 in Invocations
  1094 | D:4      | Reached skill level 1 in Evocations
  1094 | D:4      | Reached XP level 4. HP: 3/38 MP: 11/11
  1094 | D:4      | Reached XP level 5. HP: 4/43 MP: 12/12
  1149 | D:4      | Killed Eustachio
  1149 | D:4      | Reached XP level 6. HP: 13/50 MP: 1/13
  1272 | D:4      | Found a staircase to the Ecumenical Temple.
  1281 | Temple   | Entered the Ecumenical Temple
  1299 | Temple   | Became a worshipper of Sif Muna the Loreminder
  1364 | D:4      | Reached skill level 5 in Fighting
  1364 | D:4      | Reached skill level 5 in Axes
  1364 | D:4      | Reached skill level 5 in Dodging
  1366 | D:4      | Noticed a phantom
  1388 | D:4      | Noticed a phantom
  1746 | D:3      | Found a hazy altar of Hepliaklqana.
  1751 | D:3      | Noticed Robin
  1762 | D:3      | Killed Robin
  1967 | D:3      | Reached * piety under Sif Muna
  2106 | D:3      | Reached XP level 7. HP: 29/56 MP: 11/15
  2131 | D:3      | HP: 4/84 [orc/+0 flail (3)]
  2131 | D:3      | Killed from afar by an orc wizard

Levels and vault maps discovered:
D:1:      erik_arrival_cave_to_civilisation [erik_arrival_cave_to_hall],
          layout_basic
D:2:      layout_rooms, trog_three_pillars_becter
D:3:      cheibrodos_pilgrimage, layout_basic, overflow_temple_1_default,
          uniq_sigmund, uniq_robin
D:4:      layout_cave_pools, minmay_temple_entry_arrows, serial_shops,
          nicolae_shop_waterfront, uniq_blork_the_orc, uniq_eustachio
Temple:   nicolae_temple_the_god_donut

Skill      XL: |  1  2  3  4  5  6 |
---------------+-------------------+-----
Spellcasting   | 5 |  5.5
Short Blades   | 1 2 |  2.2
Long Blades    | 1 2 |  2.2
Maces & Flails | 1 2 |  2.2
Polearms       | 1 2 |  2.2
Staves         | 1 2 |  2.2
Slings         | 1 2 |  2.2
Bows           | 1 2 |  2.2
Crossbows      | 1 2 |  2.2
Throwing       | 1 2 |  2.2
Stealth        | 1 2 |  2.2
Shields        | 1 2 |  2.2
Unarmed Combat | 1 2 |  2.2
Conjurations   | 1 |  1.8
Hexes          | 1 |  1.8
Summonings     | 1 |  1.8
Necromancy     | 1 |  1.8
Translocations | 1 |  1.8
Transmutations | 1 |  1.8
Fire Magic     | 1 |  1.8
Ice Magic      | 1 |  1.8
Air Magic      | 1 |  1.8
Earth Magic    | 1 |  1.8
Poison Magic   | 1 |  1.8
Invocations    | 1 2 |  2.5
Evocations     | 1 2 |  2.2
Armour         | 3 |  3.4
Fighting       | 5 |  5.1
Axes           | 5 |  5.1
Dodging        | 5 |  5.1
Charms         | |  5.7

Action                   |  1- 3 |  4- 6 |  7- 9 || total
-------------------------+-------+-------+-------++-------
Melee: Hand axe          |    70 |    54 |       ||   124
       Bite              |     7 |    16 |     1 ||    24
       Punch             |     1 |     1 |       ||     2
       Battleaxe         |       |   102 |    14 ||   116
 Cast: Infusion          |     2 |     2 |     1 ||     5
       Regeneration      |     2 |    12 |     1 ||    15
       Song of Slaying   |     1 |     3 |     1 ||     5
       Shroud of Golubri |       |     5 |     1 ||     6
  Use: Potion            |     3 |       |     3 ||     6
       Scroll            |     1 |       |       ||     1
 Stab: Sleeping          |       |     5 |       ||     5
  Eat: Chunk             |     1 |     4 |       ||     5
Armor: Leather armour    |    13 |    28 |       ||    41
       Skin              |       |       |     1 ||     1
Dodge: Dodged            |    65 |   117 |    13 ||   195
